 Dungeon Crawl Stone Soup version 0.28.0-53-g5a82cb258f (webtiles) character file.

Game seed: 5927537672821451808

500 LustLizard the Chopper (level 6, -19/84 HPs)
             Began as a Minotaur Berserker on June 26, 2022.
             Was a Believer of Trog.
             Killed from afar by Ijyb (40 damage)
             ... with a bolt of acid
             ... on level 5 of the Dungeon.
             The game lasted 00:14:14 (4895 turns).

LustLizard the Chopper (Minotaur Berserker)         Turns: 4895, Time: 00:14:15

Health: -19/84     AC:  1    Str: 22    XL:     6   Next: 94%
Magic:  5/5        EV:  8    Int:  6    God:    Trog [**....]
Gold:   165        SH:  0    Dex:  9    Spells: 5/5 levels left

rFire   . . .      SeeInvis .   a - +0 hand axe
rCold   . . .      Faith    .   (no shield)
rNeg    . . .      Spirit   .   m - +0 chain mail
rPois   .          Reflect  .   (helmet restricted)
rElec   .          Harm     .   q - scarf {repulsion}
rCorr   .          Rampage  .   (no gloves)
Will    .....                   k - +0 pair of boots
Stlth   ..........              (no amulet)
HPRegen 0.24/turn               (no ring)
MPRegen 0.09/turn               (no ring)

@: berserking, corroded, repel missiles, very quick
A: horns 2, retaliatory headbutt
a: Renounce Religion, Berserk, Trog's Hand


You were on level 5 of the Dungeon.
You worshipped Trog.
Trog was pleased with you.
You visited 1 branch of the dungeon, and saw 5 of its levels.

You collected 219 gold pieces.
You spent 54 gold pieces at shops.

Inventory:

Hand Weapons
 a - a +0 hand axe (weapon)
Missiles
 j - 87 stones (quivered)
 l - 2 poisoned darts
Armour
 b - a +0 animal skin
 k - a +0 pair of boots (worn)
 m - a +0 chain mail (worn)
 q - a scarf of repulsion (worn)
Wands
 y - a wand of paralysis (9)
Scrolls
 c - 2 scrolls of brand weapon {unknown}
 h - 2 scrolls of enchant weapon {unknown}
 i - a scroll of torment {unknown}
 n - a scroll of teleportation {unknown}
 o - a scroll of acquirement {unknown}
 r - 2 scrolls of enchant armour {unknown}
 u - a scroll of magic mapping {unknown}
 z - a scroll of holy word {unknown}
Potions
 d - a potion of berserk rage {unknown}
 e - a potion of might {unknown}
 f - 3 potions of magic {unknown}
 g - 2 potions of flight {unknown}
 p - a potion of brilliance {unknown}
 s - a potion of ambrosia {unknown}
 t - a potion of lignification {unknown}
 v - a potion of resistance {unknown}
 w - 2 potions of curing
 x - a potion of heal wounds {unknown}


   Skills:
 + Level 5.4 Fighting
 * Level 7.1 Axes
 * Level 2.6 Throwing
 - Level 2.4 Armour
 - Level 2.1 Dodging
 * Level 2.1 Evocations


You had 5 spell levels left.
You didn't know any spells.
Your spell library was empty.

Dungeon Overview and Level Annotations

Branches:
Dungeon (5/15)
 Temple: D:4-7

Altars:
Gozag

Shops:
D:1 *   D:4 !

Annotations:
D:4 3 runed translucent doors, Soldner's ghost, amateur MiFi
D:5 Ijyb


Innate Abilities, Weirdness & Mutations

You have a pair of horns on your head.
You reflexively headbutt those who attack you in melee.


Message History

The centaur skeleton hits you but does no damage.
The centaur skeleton kicks you but does no damage.
The centaur skeleton hits you but does no damage.
The centaur skeleton kicks you.
You hit the centaur skeleton.
The centaur skeleton is almost destroyed.
The centaur skeleton hits you but does no damage.
The centaur skeleton kicks you but does no damage.
You slash the centaur skeleton!
You destroy the centaur skeleton!
Trog accepts your kill.
No target in view!
No target in view!
Found an escape hatch in the ceiling.
j - 88 stones (gained 1)
j - 89 stones (gained 1)
j - 90 stones (gained 1)
j - 91 stones (gained 1) Ijyb the Twisted Goblin comes into view.
She is wielding a +0 club and carrying a wand of acid (6).
Ijyb shouts!
You throw a stone. The stone hits Ijyb but does no damage.
You throw a stone. The stone hits Ijyb.
Ijyb is lightly wounded.
You throw a stone. The stone hits Ijyb but does no damage.
Ijyb is lightly wounded.
You throw a stone. The stone closely misses Ijyb.
Ijyb zaps a wand.
The bolt of acid hits you! The acid corrodes you!
You barely miss Ijyb.
Ijyb is lightly wounded.
Ijyb zaps a wand.
The bolt of acid hits you!!!
Ouch! That really hurt!
* * * LOW HITPOINT WARNING * * *
The acid corrodes you!
You slash Ijyb! You headbutt Ijyb, but do no damage.
Ijyb is moderately wounded.
Ijyb barely misses you.
A red film seems to cover your vision as you go berserk!
You feel yourself moving faster!
You feel mighty!
Ijyb zaps a wand.
The bolt of acid hits you!!!
You die...

#.....# #(....#
#(....# #(....#
#(....# #.....#
#g<...# #@....#
################.....#
.....................#
.....................#
.....................#
.....................#
.....................#
.....................#
...........(.........#


You could see Ijyb.

Vanquished Creatures
  Menkaure (D:5)
  A scorpion (D:4)
  A bullfrog zombie (D:5)
  2 hounds
  A centaur skeleton (D:5)
  2 iguanas (D:5)
  A killer bee zombie (D:4)
  4 adders
  An adder skeleton (D:4)
  2 worms (D:3)
  2 dart slugs (D:1)
  5 orcs
  8 ball pythons
  3 bats (D:1)
  9 endoplasms
  2 giant cockroaches
  8 goblins
  2 hobgoblins (D:1)
  6 quokkas
  4 frilled lizards
  4 kobolds
  5 rats
74 creatures vanquished.

Notes
Turn   | Place    | Note
-------+----------+-------------------------------------------
     0 | D:1      | LustLizard the Minotaur Berserker began the quest for the
                  | Orb.
     0 | D:1      | Reached XP level 1. HP: 19/19 MP: 0/0
    34 | D:1      | Found a faded altar of an unknown god.
    50 | D:1      | Reached skill level 4 in Axes
    95 | D:1      | Reached XP level 2. HP: 22/27 MP: 1/1
   219 | D:1      | Found Hogrex's Assorted Antiques.
   398 | D:1      | Bought a lumpy orange potion for 24 gold pieces
   639 | D:1      | Reached ** piety under Trog
   707 | D:1      | Reached XP level 3. HP: 24/33 MP: 2/2
  1739 | D:2      | Reached skill level 5 in Axes
  2339 | D:3      | Reached XP level 4. HP: 33/39 MP: 3/3
  3070 | D:4      | Found Xuujor's Distillery.
  3087 | D:4      | Bought a potion of curing for 30 gold pieces
  3294 | D:4      | Reached skill level 6 in Axes
  3294 | D:4      | Reached XP level 5. HP: 20/47 MP: 4/4
  3541 | D:4      | Reached skill level 5 in Fighting
  3699 | D:4      | Reached skill level 1 in Throwing
  3858 | D:4      | Found a runed translucent gate.
  3858 | D:4      | Found a runed translucent gate.
  3858 | D:4      | Found an opulent altar of Gozag.
  3859 | D:4      | Found a runed translucent gate.
  3860 | D:4      | Noticed an ogre
  3860 | D:4      | Noticed Soldner's ghost (amateur MiFi)
  4036 | D:5      | Entered Level 5 of the Dungeon
  4052 | D:5      | Reached *** piety under Trog
  4053 | D:5      | Reached skill level 1 in Evocations
  4162 | D:5      | Reached XP level 6. HP: 56/56 MP: 5/5
  4179 | D:5      | Noticed Menkaure
  4192 | D:5      | Killed Menkaure
  4564 | D:5      | Reached skill level 7 in Axes
  4887 | D:5      | Noticed Ijyb
  4895 | D:5      | Killed from afar by Ijyb

Illustrated notes

Levels and vault maps discovered:
D:1:      lemuel_arrival_broad_hall, layout_loops_ring, serial_shops, shop,
          basic_ecumenical_altar, bh_walls_and_bars
D:2:      layout_basic
D:3:      layout_basic
D:4:      layout_loops_ring, ebering_ghost_gozag, serial_shops, shop
D:5:      layout_gridville, kennysheep_mini, serial_shops,
          kennysheep_little_box, minmay_misc_feat_roman, uniq_menkaure,
          uniq_ijyb

Skill      XL: |  1  2  3  4  5  6 |
---------------+-------------------+-----
Axes           | 4 5 6 7 |  7.1
Fighting       | 4 5 |  5.4
Throwing       | 1 2 |  2.6
Evocations     | 1 2 |  2.1
Armour         | |  2.4
Dodging        | |  2.1

Action                   |  1- 3 |  4- 6 || total
-------------------------+-------+-------++-------
Melee: Hand axe          |   101 |   127 ||   228
       Headbutt          |     8 |    26 ||    34
Throw: Stone             |    12 |    35 ||    47
Invok: Berserk           |       |     1 ||     1
Armor: Animal skin       |    10 |       ||    10
       Chain mail        |    19 |    58 ||    77
Dodge: Dodged            |    55 |    39 ||    94
